 Dungeon Crawl Stone Soup version 0.30-a0-1075-gcd70e7a56d (webtiles) character file.

Game seed: 9218010073039384628

852 mandoloar the Insei (level 8, -6/62 HPs)
             Began as an Octopode Transmuter on Apr 14, 2023.
             Killed by divine providence
             ... invoked by an orc priest
              (15 damage)
             ... on level 5 of the Dungeon.
             The game lasted 00:19:11 (5983 turns).

mandoloar the Insei (Octopode Transmuter)           Turns: 5983, Time: 00:19:12

Health: -6/62      AC:  6    Str:  9    XL:     8   Next: 1%
Magic:  0/13       EV: 11    Int: 17    God:
Gold:   223        SH:  0    Dex: 16    Spells: 7/14 levels left

rFire   x . .      SeeInvis .    a - melded +1 sling
rCold   + + +      Faith    .    (shield currently unavailable)
rNeg    . . .      Spirit   +    (helmet currently unavailable)
rPois   +          Reflect  .    f - amulet "Tianwat" {Spirit Dex+3}
rElec   .          Rampage  .    n - ring of resist corrosion
rCorr   +                        (no ring)
Will    .....                    (no ring)
Stlth   ++                       (no ring)
HPRegen 0.30/turn                (no ring)
MPRegen 0.13/turn                (no ring)
                                 (no ring)
                                 (no ring)

@: ice-form
A: freezing attack, boosted hp, almost no armour, amphibious, 8 rings, large,
(camouflage 1), (gelatinous body 1), (nimble swimmer 1), (tentacles)
a: End Transformation


You were on level 5 of the Dungeon.
You were a creature of crystalline ice.
You visited 1 branch of the dungeon, and saw 6 of its levels.

You collected 223 gold pieces.

Inventory:

Hand Weapons
 a - a +1 sling (melded)
Missiles
 i - 10 poisoned darts
Jewellery
 f - the amulet "Tianwat" (around neck) {Spirit Dex+3}
   (You found it on level 3 of the Dungeon)

   [amulet of guardian spirit]

   It causes incoming damage to be divided between your reserves of health and
   magic.
   Dex:       It affects your dexterity (+3).
 n - a ring of resist corrosion (left front paw)
 q - an amulet of the acrobat
Wands
 h - a wand of light (2)
Scrolls
 e - 2 scrolls of butterflies
 r - 2 scrolls of identify
Potions
 b - a potion of lignification
 c - a potion of brilliance {unknown}
 d - 2 potions of curing
 g - a potion of mutation {unknown}
 j - a potion of ambrosia {unknown}
 k - a potion of heal wounds {unknown}
 l - 4 potions of haste {unknown}
 m - 2 potions of flight {unknown}
 o - a potion of berserk rage {unknown}


   Skills:
 + Level 3.2 Fighting
 + Level 3.8 Dodging
 - Level 3.0 Stealth
 + Level 4.5 Unarmed Combat
 + Level 3.7 Spellcasting
 + Level 3.9 Transmutations
 + Level 3.0 Ice Magic


You had 7 spell levels left.
You knew the following spells:

 Your Spells              Type           Power      Damage    Failure   Level
a - Beastly Appendage     Tmut           32%        N/A       3%          1
b - Wereblood             Tmut           16%        N/A       4%          2
c - Ice Form              Ice/Tmut       15%        N/A       36%         4

Your spell library contained the following spells:

 Spells                   Type           Power      Damage    Failure   Level
 Passwall                 Tmut/Erth      7%         N/A       11%         2
 Ensorcelled Hibernation  Hex/Ice        16%        N/A       13%         2
 Spider Form              Tmut/Pois      9%         N/A       22%         3
 Swiftness                Air            3%         N/A       43%         3


Dungeon Overview and Level Annotations

Branches:
Dungeon (6/15)
 Temple: D:4-7

Altars:

Annotations:
D:3 3 runed translucent doors, Splishie's ghost, amateur GnWn


Innate Abilities, Weirdness & Mutations

You are a creature of crystalline ice.
You have a powerful freezing melee attack.
Your maximum health is increased.
Your armour is entirely melded.
You are incapable of wielding weapons or throwing items.
You cannot wear most types of armour.
You are amphibious.
You can wear up to eight rings at the same time.
((Your skin changes colour to match your surroundings (Stealth+).))
((Your rubbery body absorbs attacks. (AC +1, EV +1)))
((You are camouflaged when in or above water. (Stealth+)))
((You have tentacles for arms and can constrict up to eight enemies at once.))


Message History

You hit the gnoll. You freeze the gnoll.
The gnoll is heavily wounded.
The gnoll hits you but does no damage.
Casting: Ice Form (quite dangerous; 36% risk of failure)
Confirm with . or Enter, or press ? or * to list all spells.
You don't have enough magic to cast this spell.
You hit the gnoll. You freeze the gnoll.
You kill the gnoll!
The orc closely misses you.
You see here a +0 spear.
The orc hits you but does no damage. The orc priest hits you with a +0 club.
You hit the orc priest but do no damage.
The orc hits you but does no damage. The orc barely misses you.
The orc priest hits you but does no damage.
You hit the orc priest but do no damage.
You barely miss the orc priest. The orc hits you but does no damage.
The orc closely misses you.
The orc priest looks encouraged for a moment.
You hit the orc priest. You freeze the orc priest.
The orc priest is heavily wounded.
The orc barely misses you. The orc hits you with a +0 flail.
The orc priest hits you with a +0 club.
You hit the orc priest. You freeze the orc priest.
The orc priest is severely wounded.
The orc closely misses you. The orc hits you but does no damage.
The orc priest calls down the wrath of Beogh upon you.
You struggle to resist.
You hit the orc priest but do no damage.
The orc priest is severely wounded.
The orc hits you but does no damage. The orc hits you with a +0 flail.
* * * LOW HITPOINT WARNING * * *
The orc priest mumbles some strange prayers to Beogh against you.
Beogh smites you!
* * * LOW HITPOINT WARNING * * *
You barely miss the orc priest.
The orc priest is severely wounded.
The orc hits you with a +0 dagger. The orc completely misses you.
The orc priest mumbles some strange prayers to Beogh against you.
Beogh smites you!
You die...

##### ## #...# ##### .#######
###.# #...# .......##### #)##
##.## ...........###..## #..## ##
.................## ##..# #.
...............oo.####..## ##.
..............)oY)..##...## ##..
..............#.....)#....## #...
..............####.........###...
..)............# ###........#....
................# ###...........
.................# ###.........
.................# ###.......
................. ##...... .....
#......


You could see an orc priest and 2 orcs.

Vanquished Creatures
  A water moccasin (D:3)
  2 phantoms
  A scorpion (D:4)
  2 jellies (D:5)
  A gnoll bouda (D:5)
  2 hounds (D:4)
  A sleepcap (D:4)
  Terence (D:2)
  2 iguanas (D:4)
  5 gnolls (D:5)
  14 adders
  A white imp (D:5)
  An ufetubus (D:4)
  3 dart slugs
  5 orcs (D:5)
  6 ball pythons
  7 bats
  7 endoplasms
  6 giant cockroaches
  8 goblins
  6 hobgoblins
  5 jackals (D:1)
  4 kobolds
  7 quokkas
  A frilled lizard (D:1)
  3 rats
102 creatures vanquished.

Notes
Turn   | Place    | Note
-------+----------+-------------------------------------------
     0 | D:1      | mandoloar the Octopode Transmuter began the quest for the
                  | Orb.
     0 | D:1      | Reached XP level 1. HP: 13/13 MP: 3/3
   223 | D:1      | Reached XP level 2. HP: 15/18 MP: 3/5
   242 | D:1      | Learned a level 2 spell: Wereblood
   592 | D:1      | Reached skill level 1 in Stealth
   592 | D:1      | Reached XP level 3. HP: 17/23 MP: 4/6
  1115 | D:2      | Reached skill level 1 in Ice Magic
  1169 | D:2      | Reached XP level 4. HP: 15/28 MP: 5/7
  1179 | D:2      | Learned a level 4 spell: Ice Form
  1242 | D:2      | Noticed Terence
  1487 | D:2      | Identified the +0 robe "Xiuwied" {Rampage}
  2279 | D:3      | Reached XP level 5. HP: 32/34 MP: 6/8
  2319 | D:3      | Found a runed translucent gate.
  2319 | D:3      | Found a runed translucent gate.
  2320 | D:3      | Found a runed translucent gate.
  2458 | D:3      | Identified the +5 ring mail "Vuvaasm" {rF+ Stlth+}
  2592 | D:3      | Identified the amulet "Tianwat" {Spirit Dex+3}
  2687 | D:3      | Noticed Splishie's ghost (amateur GnWn)
  2938 | D:3      | Noticed a water moccasin
  2970 | D:3      | Killed a water moccasin
  2971 | D:3      | Reached XP level 6. HP: 23/39 MP: 4/10
  3145 | D:3      | You fall into a shaft and drop 3 floors!
  3167 | D:6      | Noticed a sky beast
  3236 | D:5      | Entered Level 5 of the Dungeon
  3605 | D:2      | Killed Terence
  3811 | D:4      | Reached skill level 4 in Unarmed Combat
  4060 | D:4      | Reached XP level 7. HP: 22/45 MP: 4/11
  5896 | D:5      | Reached XP level 8. HP: 10/52 MP: 0/13
  5983 | D:5      | Killed from afar by an orc priest

Illustrated notes

Levels and vault maps discovered:
D:1:      erik_arrival_blinker_ship, layout_basic
D:2:      layout_loops_cross, uniq_terence
D:3:      layout_loops_ring, gammafunk_ghost_icy
D:4:      layout_loops_corners
D:5:      layout_layer_cave, temple_statues, serial_shops, shop_statue
D:6:      layout_basic, mainiacjoe_overflow_paths,
          nicolae_overflow_quartered_altars, minmay_diced_spiral, uniq_sigmund,
          uniq_edmund

Skill      XL: |  1  2  3  4  5  6  7 |
---------------+----------------------+-----
Stealth        | 1 2 3 |  3.0
Ice Magic      | 1 2 3 |  3.0
Fighting       | 2 3 |  3.2
Transmutations | 3 |  3.9
Dodging        | 3 |  3.8
Spellcasting   | 3 |  3.7
Unarmed Combat | 4 |  4.5

Action                     |  1- 3 |  4- 6 |  7- 9 || total
---------------------------+-------+-------+-------++-------
  Melee: Unarmed           |    72 |   108 |    97 ||   277
         Tentacles         |     6 |    26 |    12 ||    44
         Constrict         |    18 |    25 |    19 ||    62
         Kick              |    15 |    27 |    35 ||    77
         Punch             |     3 |     1 |     7 ||    11
   Fire: Sling             |       |       |     9 ||     9
  Throw: Dart              |       |     2 |       ||     2
   Cast: Beastly Appendage |    21 |    28 |    22 ||    71
         Wereblood         |     3 |     5 |     2 ||    10
         Ice Form          |       |     2 |     3 ||     5
    Use: Scroll            |       |     6 |     3 ||     9
         Potion            |       |       |     1 ||     1
   Stab: Sleeping          |     8 |     8 |     8 ||    24
 Armour: Skin              |     3 |    11 |    15 ||    29
  Dodge: Dodged            |    37 |    56 |    57 ||   150

Table legend: (Time is in decaauts)
 A = Elapsed time spent in this place.
 B = Non-inter-level travel time spent in this place.
 C = Inter-level travel time spent in this place.
 D = Time resting spent in this place.
 E = Time spent auto-exploring this place.
 F = Levels seen in this place.
 G = Mean time per level.
                   A        B        C        D        E       F      G
               +--------+--------+--------+--------+--------+-----+--------+
         Total |   5965 |   5531 |    434 |   1275 |   3086 |   6 |  994.2 |
       Dungeon |   5965 |   5531 |    434 |   1275 |   3086 |   6 |  994.2 |
               +--------+--------+--------+--------+--------+-----+--------+

Top non-repeatable levels by time:
     D:4: 1745 daAuts
     D:2: 1299 daAuts
     D:3: 1272 daAuts
     D:1: 989 daAuts
     D:5: 568 daAuts
     D:6: 90 daAuts
